 Dungeon Crawl Stone Soup version 0.26.0-16-gc1dbca0489 (webtiles) character file.

Game seed: 11323987815163679464

102396 runemasterragnar the Warrior (level 16, -3/188 HPs)
             Began as an Ogre Monk on Jan 20, 2021.
             Was a High Priest of Okawaru.
             Killed from afar by a raiju (20 damage)
             ... with a living lightning
             ... on level 2 of the Abyss.
             The game lasted 01:13:19 (33344 turns).

runemasterragnar the Warrior (Ogre Monk)           Turns: 33344, Time: 01:13:20

Health: -3/188     AC: 18    Str: 32    XL:     16   Next: 33%
Magic:  24/24      EV: 13    Int: 11    God:    Okawaru [*****.]
Gold:   2509       SH:  5    Dex: 25    Spells: 15/15 levels left

rFire    . . .     SeeInvis .   f - +8 executioner's axe "Bupray" {flame, *Noise rPois Str+4}
rCold    . . .     Faith    .   (shield currently unavailable)
rNeg     + . .     Spirit   .   W - +1 shadow dragon scales of Activism {-Cast rN+ Str+4 Dex+2 Stlth++++} (curse)
rPois    +         Reflect  +   (helmet restricted)
rElec    .         Harm     .   z - +2 cloak {Will+}
rCorr    .         Rampage  .   (gloves unavailable)
Will     ++...     NoCast   +   (boots unavailable)
Stlth    +++.......             o - amulet of reflection
HPRegen  0.41/turn              X - +6 ring of dexterity
MPRegen  0.19/turn              Z - +6 ring of dexterity

@: about to teleport, very slightly contaminated
A: large, unfitting armour, high mp 1, tough skin 1
a: Renounce Religion, Heroism, Finesse


You were on level 2 of the Abyss.
You worshipped Okawaru.
Okawaru was extremely pleased with you.
You visited 5 branches of the dungeon, and saw 25 of its levels.
You visited the Abyss 1 time.
You also visited: Ice Cave and Volcano.

You collected 2681 gold pieces.
You spent 172 gold pieces at shops.

Inventory:

Hand Weapons
 f - the +8 executioner's axe "Bupray" (weapon) {flame, *Noise rPois Str+4}
   (Okawaru gifted it to you in an ice cave)

   It has been specially enchanted to burn those struck by it, causing extra
   injury to most foes and up to half again as much damage against particularly
   susceptible opponents.
   Big, fiery blades are also staple armaments of hydra-hunters.
   It affects your strength (+4).
   It protects you from poison.
   It may make noises in combat.
Missiles
 c - 36 boomerangs
 e - 10 atropa-tipped darts
 k - 18 large rocks
 s - 53 poisoned darts
 G - 5 datura-tipped darts
 J - 17 boomerangs of dispersal
 S - 10 javelins
 T - 15 silver boomerangs (quivered)
Armour
 z - a +2 cloak of willpower (worn)
 W - the cursed +1 shadow dragon scales of Activism (worn) {-Cast rN+ Str+4 Dex+2 Stlth++++}
   (You found it in an ice cave)

   It affects your strength (+4).
   It affects your dexterity (+2).
   It protects you from negative energy.
   It prevents spellcasting.
   It makes you much more stealthy.
   It has a curse placed upon it.
Jewellery
 o - an amulet of reflection (around neck)
 Q - the ring "Rekyux" {Wiz rPois rF- Dex+7 SInv}
   (You found it on level 6 of the Lair of Beasts)

   [ring of wizardry]

   It improves your spell success rate.
   It affects your dexterity (+7).
   It makes you vulnerable to fire.
   It protects you from poison.
   It lets you see invisible.
 X - a +6 ring of dexterity (left hand)
 Z - a +6 ring of dexterity (right hand)
Wands
 w - a wand of digging (5)
 y - a wand of acid (10)
 K - a wand of iceblast (20)
 N - a wand of flame (73)
 P - a wand of disintegration (65)
 R - a wand of paralysis (11)
Scrolls
 d - 3 scrolls of fog
 m - a scroll of amnesia
 q - 3 scrolls of identify
 r - 3 scrolls of magic mapping
 t - 2 scrolls of enchant armour
 u - 12 scrolls of remove curse
 v - a scroll of summoning
 x - 6 scrolls of blinking
 E - 2 scrolls of fear
 H - 9 scrolls of teleportation
Potions
 a - 6 potions of berserk rage
 b - a potion of attraction
 h - a potion of haste
 j - 3 potions of resistance
 l - 2 potions of ambrosia
 p - 2 potions of invisibility
 I - 5 potions of flight
 L - 2 potions of lignification
 O - 3 potions of might
Miscellaneous
 i - a phantom mirror
 n - a phantom mirror
 A - a box of beasts
 U - a lightning rod (4/4)


   Skills:
 * Level 18.4 Fighting
 * Level 14.8 Axes
 * Level 14.5 Throwing
 + Level 6.1 Armour
 - Level 8.0 Dodging
 - Level 1.4 Stealth
 - Level 8.1 Invocations


You had 15 spell levels left.
You didn't know any spells.
Your spell library contained the following spells:

 Spells                   Type           Power        Failure   Level
 Beastly Appendage        Tmut           0%           83%         1
 Corona                   Hex            0%           83%         1
 Sting                    Tmut/Pois      0%           83%         1
 Blink                    Tloc           N/A          92%         2
 Ensorcelled Hibernation  Hex/Ice        0%           92%         2
 Poisonous Vapours        Pois/Air       0%           92%         2
 Wereblood                Tmut           0%           92%         2
 Confusing Touch          Hex            0%           99%         3
 Dazzling Flash           Conj/Hex       0%           99%         3
 Gell's Gravitas          Tloc           0%           99%         3
 Ignite Poison            Fire/Tmut/Pois 0%           99%         3
 Lesser Beckoning         Tloc           0%           99%         3
 Mephitic Cloud           Conj/Pois/Air  0%           99%         3
 Spider Form              Tmut/Pois      0%           99%         3
 Teleport Other           Tloc           0%           99%         3
 Tukima's Dance           Hex            0%           99%         3
 Cause Fear               Hex            0%           100%        4
 Ice Form                 Ice/Tmut       0%           100%        4
 Olgreb's Toxic Radiance  Pois           0%           100%        4
 Passage of Golubria      Tloc           N/A          100%        4
 Petrify                  Tmut/Erth      0%           100%        4
 Blade Hands              Tmut           0%           100%        5
 Metabolic Englaciation   Hex/Ice        0%           100%        5
 Silence                  Hex/Air        0%           100%        5
 Yara's Violent Unravell  Hex/Tmut       0%           100%        5
 Haunt                    Necr/Summ      0%           100%        7
 Borgnjor's Revivificati  Necr           0%           100%        8
 Discord                  Hex            0%           100%        8
 Infestation              Necr           0%           100%        8
 Necromutation            Tmut/Necr      0%           100%        8
 Death's Door             Necr           0%           100%        9


Dungeon Overview and Level Annotations

Branches:
Dungeon (15/15)            Temple (1/1) D:4            Lair (6/6) D:10
  Swamp (0/4) Lair:3        Snake (1/4) Lair:2        Slime (0/5) Lair:6
    Orc (2/2) D:9             Elf (0/3) Orc:2        Vaults (0/5) D:13
 Depths (0/5) D:15          IceCv (visited)         Volcano (visited)

Altars:
Ashenzari
Cheibriados
Dithmenos
Elyvilon
Fedhas
Gozag
Hepliaklqana
Makhleb
Nemelex Xobeh
Okawaru
Qazlal
Ru
Sif Muna
Uskayaw
Vehumet
Wu Jian
Xom
Yredelemnul
Zin
The Shining One

Shops:
D:4 [   D:8 :   D:9 *   Orc:2 [[*[(

Annotations:
Lair:4 exclusion: oklob plant
Snake:1 Louise


Innate Abilities, Weirdness & Mutations

You are too large for most types of armour.
You have tough skin. (AC +1)
You have an increased reservoir of magic. (+10% MP)


Message History

A starcursed mass splits.
The raiju bursts into living lightning!
The living lightning misses you. x2; The raiju blinks!
You are confused.
You feel invigorated.
The raiju bursts into living lightning!
The living lightning hits you.
* * * LOW HITPOINT WARNING * * *
The living lightning hits you!
* * * LOW HITPOINT WARNING * * *
The raiju blinks! x3
You're too confused to attack without stumbling around!
Unknown command.
You feel better.
You feel less invigorated. The raiju bites you.
* * * LOW HITPOINT WARNING * * *
The raiju shocks you!
* * * LOW HITPOINT WARNING * * *
The raiju bursts into living lightning!
The living lightning hits you!!
You die...

# .. .#. # #
....#### ##
####. .#..#
#.##....##. #
. ##..
##...##.. .#
#..#.#....
#...#####ยง#.
..# ##
#....#Xh##.#
. . #..#@h#
#.# #..
....#####
.....
..#..X.## .
##.#. # ...#X
.# .. ## #
.## . .


You could see a starcursed mass and 2 raiju.

Vanquished Creatures
  2 tentacled starspawn (Abyss:2)
  Agnes (D:14)
  Kirke (D:15)
  Aizul (Snake:1)
  Nessos (D:13)
  2 jiangshi (Abyss:2)
  A yaktaur captain (D:15)
  2 hydras
  A boulder beetle (D:13)
  4 catoblepae
  2 centaur warriors (D:15)
  An ogre mage (D:15)
  19 two-headed ogres
  8 death yaks
  Urug (Lair:2)
  5 orc high priests (Orc:2)
  A vampire mage (Abyss:2)
  A thrashing horror (Abyss:2)
  Nergalle (Lair:2)
  An unseen horror (D:13)
  Pikel (D:5)
  7 orc knights
  2 necromancers
  A salamander (Volcano)
  2 oklob plants (Lair:6)
  A will-o-the-wisp (Abyss:2)
  3 cyclopes
  2 slime creatures (D:12)
  10 ugly things
  Maurice (D:9)
  6 elephants (Lair:4)
  4 manticores
  4 black mambas
  3 ice statues (IceCv)
  A gargoyle (D:12)
  A torpor snail (Lair:6)
  A naga mage (Snake:1)
  5 orange demons (D:11)
  10 cane toads
  A smoke demon (Abyss:2)
  A freezing wraith (Abyss:2)
  A rime drake (D:13)
  7 komodo dragons
  An efreet (D:15)
  A yaktaur (D:15)
  An ancient zyme (Abyss:2)
  3 red devils (D:11)
  11 trolls
  6 ice devils (IceCv)
  3 meliai (D:13)
  5 large abominations (Abyss:2)
  4 polar bears
  A hornet (Lair:4)
  22 blink frogs
  2 raiju (Abyss:2)
  A meliai zombie (D:13)
  4 wraiths
  A spriggan (D:12)
  2 water elementals (D:15)
  A ynoxinul (Abyss:2)
  3 wyverns
  A fire bat (Volcano)
  3 hogs (D:15)
  30 yaks
  3 basilisks
  A fire elemental (Abyss:2)
  3 vampire mosquitoes (D:15)
  A chaos spawn (Abyss:2)
  Edmund (D:5)
  4 nagas
  A warg (Orc:2)
  13 water moccasins
  3 hell hounds
  5 phantoms
  A swamp drake (D:9)
  3 black bears
  39 orc warriors
  A sky beast (D:5)
  4 ice beasts
  13 ogres
  An eye of draining (D:15)
  A necrophage (D:9)
  16 wolves
  15 centaurs
  2 lemures (D:5)
  2 big kobolds
  10 bullfrogs
  Blork the orc (D:4)
  A gnoll sergeant (D:13)
  A wyvern zombie (D:5)
  A hornet simulacrum (D:12)
  A wyvern skeleton (D:13)
  3 scorpions
  6 killer bees (D:12)
  8 wights
  2 electric eels (D:15)
  2 howler monkeys
  3 bullfrog zombies
  4 centaur zombies
  A quasit (D:13)
  2 draconian simulacra (IceCv)
  6 jellies
  3 bullfrog skeletons
  37 orc priests
  9 hounds
  19 orc wizards
  5 centaur skeletons
  2 hell rats (D:10)
  7 iguanas
  8 worker ants
  A killer bee zombie (D:6)
  2 centaur simulacra (IceCv)
  2 hound skeletons
  2 worker ant zombies
  12 gnolls
  A howler monkey skeleton (D:6)
  22 adders
  3 naga simulacra (IceCv)
  3 ogre simulacra (IceCv)
  A shadow imp (D:2)
  3 white imps
  3 ufetubi
  An adder skeleton (D:6)
  2 adder zombies (D:6)
  4 worms
  2 dart slugs
  3 leopard geckos
  107 orcs
  2 ball pythons
  6 giant cockroaches
  3 goblins
  5 hobgoblins
  17 jackals
  5 quokkas
  7 bats
  3 frilled lizards
  A jackal skeleton (D:4)
  14 kobolds
  2 leopard gecko skeletons
  A leopard gecko zombie (D:8)
  12 rats
  3 starspawn tentacles (Abyss:2)
767 creatures vanquished.

Vanquished Creatures (others)
  A bullfrog (D:6)
  A scorpion (D:6)
  A jelly (D:12)
  An orc wizard (D:6)
  4 gnolls (D:6)
  An orc (D:6)
  A quokka (D:6)
  2 foxfires (Abyss:2)
  47 fungi
  103 plants
  3 starspawn tentacles (Abyss:2)
165 creatures vanquished.

Grand Total: 932 creatures vanquished

Notes
Turn   | Place    | Note
-------+----------+-------------------------------------------
     0 | D:1      | runemasterragnar the Ogre Monk began the quest for the Orb.
     0 | D:1      | Reached XP level 1. HP: 24/24 MP: 1/1
   198 | D:1      | Reached XP level 2. HP: 19/32 MP: 2/2
   599 | D:1      | Reached XP level 3. HP: 38/40 MP: 3/3
   849 | D:2      | Reached skill level 1 in Throwing
  1197 | D:2      | Reached skill level 5 in Fighting
  1197 | D:2      | Reached XP level 4. HP: 29/50 MP: 4/4
  2813 | D:3      | Reached XP level 5. HP: 43/57 MP: 5/5
  3971 | D:4      | Reached XP level 6. HP: 61/67 MP: 6/6
  4132 | D:4      | Found a staircase to the Ecumenical Temple.
  4144 | Temple   | Entered the Ecumenical Temple
  4162 | Temple   | Became a worshipper of Warmaster Okawaru
  4162 | Temple   | Reached * piety under Okawaru
  4162 | Temple   | Reached ** piety under Okawaru
  4290 | D:4      | Found a hide-covered altar of Uskayaw.
  4331 | D:4      | Noticed Blork the orc
  4345 | D:4      | Killed Blork the orc
  4400 | D:4      | Found a shimmering blue altar of Sif Muna.
  4491 | D:4      | Found Baunah's Antique Armour Emporium.
  4494 | D:4      | Bought a glowing cloak for 172 gold pieces
  4599 | D:5      | Entered Level 5 of the Dungeon
  4615 | D:5      | Reached skill level 6 in Fighting
  4684 | D:5      | Found a hazy altar of Hepliaklqana.
  4946 | D:5      | Reached skill level 1 in Invocations
  4952 | D:5      | Noticed a sky beast
  4998 | D:5      | Killed a sky beast
  4999 | D:5      | Reached XP level 7. HP: 71/76 MP: 5/7
  5038 | D:5      | Noticed Edmund
  5093 | D:5      | Killed Edmund
  5094 | D:5      | Reached skill level 5 in Axes
  5360 | D:5      | Found a glowing silver altar of Zin.
  5360 | D:5      | Found a broken altar of Ashenzari.
  5360 | D:5      | Found a basalt altar of Yredelemnul.
  5362 | D:5      | Found a radiant altar of Vehumet.
  5869 | D:5      | Noticed Pikel
  5918 | D:5      | Killed Pikel
  5918 | D:5      | Reached *** piety under Okawaru
  5919 | D:5      | Reached skill level 7 in Fighting
  5919 | D:5      | Reached XP level 8. HP: 29/88 MP: 9/9
  6492 | D:6      | Reached skill level 8 in Fighting
  6823 | D:6      | Reached skill level 5 in Throwing
  6850 | D:6      | Found a shimmering altar of Xom.
  7041 | D:6      | Received a gift from Okawaru
  7045 | D:6      | Reached XP level 9. HP: 30/97 MP: 11/11
  7816 | D:6      | Found a snail-covered altar of Cheibriados.
  8108 | D:7      | Reached skill level 9 in Fighting
  8495 | D:7      | Found a blossoming altar of Fedhas.
  8653 | D:8      | Reached **** piety under Okawaru
  8833 | D:8      | Found Angekodgh's Book Emporium.
  8913 | D:8      | Reached skill level 5 in Dodging
  9265 | D:8      | Noticed a two-headed ogre
  9284 | D:8      | Killed a two-headed ogre
  9284 | D:8      | Received a gift from Okawaru
  9284 | D:8      | Received a gift from Okawaru
  9284 | D:8      | Received a gift from Okawaru
  9285 | D:8      | Reached skill level 10 in Fighting
  9285 | D:8      | Reached XP level 10. HP: 107/110 MP: 13/13
  9932 | D:8      | Received a gift from Okawaru
 10181 | D:9      | Found a staircase to the Orcish Mines.
 10255 | D:8      | Reached skill level 5 in Invocations
 11029 | D:9      | Reached ***** piety under Okawaru
 11439 | D:9      | Found an ornate altar of the Wu Jian Council.
 11498 | D:9      | Received a gift from Okawaru
 11513 | D:9      | Found Dacadeerch's General Store.
 11582 | D:9      | Reached skill level 11 in Fighting
 11913 | D:10     | Entered Level 10 of the Dungeon
 12391 | D:10     | Noticed a white ugly thing
 12407 | D:10     | Killed a white ugly thing
 12407 | D:10     | Received a gift from Okawaru
 12408 | D:10     | Got a wizard robe {god gift}
 12419 | D:10     | Identified the +0 robe of Ojeb {*Contam Regen+ Str+2
                  | Stlth+} (Okawaru gifted it to you on level 10 of the
                  | Dungeon)
 12634 | D:10     | Gained mutation: You occasionally shout uncontrollably at
                  | your foes. [potion of mutation]
 12634 | D:10     | Gained mutation: Your magical capacity is low. (-10% MP)
                  | [potion of mutation]
 12634 | D:10     | Lost mutation: Your magical capacity is low. (-10% MP)
                  | [potion of mutation]
 12634 | D:10     | Gained mutation: You are agile. (Dex +2) [potion of
                  | mutation]
 12635 | D:10     | Lost mutation: You are agile. (Dex +2) [potion of mutation]
 12635 | D:10     | Lost mutation: You occasionally shout uncontrollably at
                  | your foes. [potion of mutation]
 12635 | D:10     | Gained mutation: You have an increased reservoir of magic.
                  | (+10% MP) [potion of mutation]
 12635 | D:10     | Gained mutation: Your spells are a little easier to cast,
                  | but a little less powerful. [potion of mutation]
 12635 | D:10     | Lost mutation: Your spells are a little easier to cast, but
                  | a little less powerful. [potion of mutation]
 12729 | D:10     | Noticed a death yak
 12924 | D:11     | Reached XP level 11. HP: 120/120 MP: 16/16
 13379 | D:11     | Noticed a two-headed ogre
 13419 | D:11     | Got an encrusted mace
 13600 | D:10     | Noticed a death yak
 13611 | D:10     | Found a staircase to the Lair.
 13613 | D:10     | Noticed a death yak
 13622 | D:10     | Killed a death yak
 13650 | D:10     | Killed a death yak
 13653 | D:10     | Killed a death yak
 13654 | D:10     | Reached skill level 12 in Fighting
 14443 | D:11     | Received a gift from Okawaru
 14492 | D:11     | Killed a two-headed ogre
 14493 | D:11     | Reached skill level 10 in Axes
 14660 | D:11     | Reached XP level 12. HP: 133/133 MP: 18/18
 15175 | D:12     | Reached skill level 13 in Fighting
 15545 | D:12     | Reached skill level 10 in Throwing
 16198 | D:12     | Noticed a two-headed ogre
 16206 | D:12     | Killed a two-headed ogre
 16562 | D:13     | Noticed Nessos
 16574 | D:13     | Killed Nessos
 16581 | D:13     | Noticed a boulder beetle
 16581 | D:13     | Noticed a two-headed ogre
 16603 | D:13     | Found a frozen archway.
 16618 | D:13     | Killed a two-headed ogre
 16648 | D:13     | Received a gift from Okawaru
 16695 | IceCv    | Entered an ice cave
 16845 | IceCv    | Reached ****** piety under Okawaru
 16960 | IceCv    | Reached skill level 14 in Fighting
 16962 | IceCv    | Received a gift from Okawaru
 17132 | IceCv    | Reached XP level 13. HP: 146/146 MP: 20/20
 17273 | IceCv    | Received a gift from Okawaru
 17274 | IceCv    | Got a steaming executioner's axe {god gift}
 17275 | IceCv    | Identified the +8 executioner's axe "Bupray" {flame, *Noise
                  | rPois Str+4} (Okawaru gifted it to you in an ice cave)
 17692 | IceCv    | Got faintly humming shadow dragon scales
 18040 | D:13     | Found a gate to the Vaults.
 18324 | D:13     | Reached skill level 1 in Armour
 18777 | D:14     | Identified the cursed +1 shadow dragon scales of Activism
                  | {-Cast rN+ Str+4 Dex+2 Stlth++++} (You found it in an ice
                  | cave)
 18897 | D:14     | Received a gift from Okawaru
 19641 | D:14     | Noticed Agnes
 19642 | D:14     | Reached skill level 15 in Fighting
 19647 | D:14     | Killed Agnes
 19927 | D:15     | Entered Level 15 of the Dungeon
 20302 | D:15     | Received a gift from Okawaru
 20303 | D:15     | Reached XP level 14. HP: 38/159 MP: 22/22
 20579 | D:15     | Received a gift from Okawaru
 20894 | D:15     | Received a gift from Okawaru
 21008 | D:15     | Noticed Kirke
 21021 | D:15     | Killed Kirke
 21254 | D:15     | Received a gift from Okawaru
 21433 | D:15     | Found a staircase to the Depths.
 21509 | D:15     | Reached skill level 16 in Fighting
 21931 | Orc:1    | Entered Level 1 of the Orcish Mines
 21977 | Orc:1    | Found a dark tunnel.
 21983 | Volcano  | Entered a volcano
 22009 | Volcano  | Received a gift from Okawaru
 22360 | Orc:1    | Noticed Maurice
 22388 | D:9      | Killed Maurice
 23059 | Lair:1   | Entered Level 1 of the Lair of Beasts
 23877 | Lair:2   | Received a gift from Okawaru
 23933 | Lair:2   | Found a staircase to the Snake Pit.
 23957 | Lair:2   | Noticed Urug
 23959 | Lair:2   | Killed Urug
 24014 | Lair:2   | Noticed Nergalle
 24045 | Lair:2   | Killed Nergalle
 25255 | Lair:3   | Reached XP level 15. HP: 171/171 MP: 23/23
 25391 | Lair:3   | Found a staircase to the Swamp.
 26115 | Lair:4   | Reached skill level 17 in Fighting
 26402 | Lair:4   | Found a shadowy altar of Dithmenos.
 27119 | Lair:5   | Received a gift from Okawaru
 27463 | Lair:5   | Identified the +1 mace of the Bouncing Lives {vorpal, rPois
                  | MP+9} (You found it on level 11 of the Dungeon)
 28010 | Lair:6   | Entered Level 6 of the Lair of Beasts
 28035 | Lair:6   | Got an ancient amber ring
 28121 | Lair:6   | Reached skill level 5 in Armour
 28955 | Lair:6   | Found a staircase to the Slime Pits.
 29126 | Lair:6   | Received a gift from Okawaru
 29972 | D:10     | Identified the ring "Rekyux" {Wiz rPois rF- Dex+7 SInv}
                  | (You found it on level 6 of the Lair of Beasts)
 30458 | Orc:2    | Entered Level 2 of the Orcish Mines
 30971 | Orc:2    | Found Feufajor's Armour Boutique.
 30978 | Orc:2    | Found a staircase to the Elven Halls.
 31138 | Orc:2    | Received a gift from Okawaru
 31534 | Orc:2    | Reached skill level 18 in Fighting
 31979 | Orc:2    | Reached XP level 16. HP: 185/185 MP: 24/24
 32252 | Orc:2    | Found Mockou's Assorted Antiques.
 32255 | Orc:2    | Found Yruix's Armour Shoppe.
 32256 | Orc:2    | Found Jamis's Armour Emporium.
 32257 | Orc:2    | Found Aruashot's Antique Weapon Emporium.
 32470 | Snake:1  | Entered Level 1 of the Snake Pit
 32475 | Snake:1  | Noticed Aizul
 32485 | Snake:1  | Noticed Louise
 32486 | Snake:1  | Killed Aizul
 32489 | Snake:1  | Cast into level 2 of the Abyss (Louise)
 32557 | Abyss:2  | Noticed a tentacled starspawn
 32589 | Abyss:2  | Killed a tentacled starspawn
 33123 | Abyss:2  | Found a broken altar of Ashenzari.
 33290 | Abyss:2  | Noticed a tentacled starspawn
 33300 | Abyss:2  | Killed a tentacled starspawn
 33344 | Abyss:2  | Killed from afar by a raiju

Illustrated notes

Levels and vault maps discovered:
D:1:      minmay_arrival_four_houses, layout_rooms
D:2:      layout_loops_ring, minmay_rat_gold_closets
D:3:      layout_loops_ring
D:4:      layout_basic, eat_drink_and_be_merry_uskayaw,
          minmay_temple_entry_statues_pillars, serial_shops, kennysheep_mini,
          tgw_sif
D:5:      layout_rooms, nzn_hepliaklqana_mist_gate,
          grunt_temple_overflow_cloverleaf, uniq_edmund, uniq_pikel
D:6:      layout_basic, xom_confusion_cloud, slow_altar_2
D:7:      layout_rooms, lemuel_coloured_pillars_altar
D:8:      layout_loops_cross, serial_shops, nicolae_shop_waterfront
D:9:      layout_loops_ring, general_overflow_altar, erik_orc_1, serial_shops,
          nicolae_shop_trees, grunt_decor_mini_mirrors
D:10:     layout_irregular_city, dpeg_lair_monsters
D:11:     layout_grid_maze, minmay_beelzebubs_servants
D:12:     layout_irregular_city, serial_ice, serial_ice_d, serial_ice_b,
          serial_ice_g, serial_ice_a, ebering_dispersal_statue_hall,
          minmay_door_square, minmay_misc_feat_iff, the_bakery
D:13:     layout_irregular_city, david_vaults_1,
          portal_ice_cave_entry_animals_and_master, uniq_nessos
D:14:     layout_stronghold, nrook_campfire, uniq_agnes
D:15:     grunt_enter_depths_snipers, layout_basic, minmay_misc_feat_plants,
          uniq_kirke
Temple:   chequers_temple_sunken
Lair:1:   layout_hall_layers
Lair:2:   layout_cave_pods, minmay_snake_entry_guardpost_small,
          beast_lair_carwin_6, grunt_megastairs_2, uniq_nergalle, uniq_urug
Lair:3:   layout_small_grid, minmay_swamp_entry_reptiles
Lair:4:   minmay_lair_venomous_thicket, layout_misc_corridors,
          serial_bayou_pond_c, lemuel_oklob_altar, grunt_megastairs_5
Lair:5:   layout_layer_cave, hibernation_bobbens
Lair:6:   evilmike_catoblepas_cave, layout_concentric_octagons, slime_dummy,
          grunt_megastairs_4, infiniplex_staircase_pool_2,
          minmay_lair_oklob_chamber, lemuel_fruit_tree
Snake:1:  layout_misc_corridors, grunt_ministairs_9, statue_in_the_mist_lemuel,
          hangedman_snake_thin_pillar_pass, minmay_shop_mass, minmay_shop_grove,
          uniq_asterion, uniq_aizul, uniq_louise
Orc:1:    layout_caves, nicolae_volcano_entry_hallway, uniq_maurice
Orc:2:    st_orc_pillars, layout_caves, serial_shops, shop
Abyss:2:  base: D:13, due_exit_kobolds, evilmike_abyss_exit_17, minivault_23

Skill      XL: |  1  2  3  4  5  6  7  8  9 10 11 12 13 14 15 16 |
---------------+-------------------------------------------------+-----
Throwing       | 1 2 3 4 5 6 8 9 10 12 13 14 | 14.5
Dodging        | 3 4 5 6 7 8 |  8.0
Fighting       | 5 6 7 8 10 11 12 14 15 16 18 | 18.4
Axes           | 4 5 6 7 9 10 11 12 13 14 | 14.8
Invocations    | 1 2 3 4 5 6 7 8 |  8.1
Armour         | 2 4 5 6 |  6.1
Stealth        | |  1.4

Action                   |  1- 3 |  4- 6 |  7- 9 | 10-12 | 13-15 | 16-18 || total
-------------------------+-------+-------+-------+-------+-------+-------++-------
Melee: Hand axe          |   124 |   205 |    80 |       |       |       ||   409
       Flail             |       |       |   254 |   189 |       |       ||   443
       War axe           |       |       |       |   325 |     5 |       ||   330
       Executioner's axe |       |       |       |       |   470 |    63 ||   533
 Fire: Hunting sling     |    20 |       |    69 |     5 |       |       ||    94
Throw: Dart              |     4 |    41 |    60 |    88 |    10 |       ||   203
       Throwing net      |       |       |     1 |       |       |       ||     1
       Large rock        |       |       |     5 |   142 |   257 |    20 ||   424
       Boomerang         |       |       |       |     1 |    55 |    25 ||    81
       Javelin           |       |       |       |       |     2 |       ||     2
Invok: Heroism           |       |     1 |       |     2 |     6 |       ||     9
       Finesse           |       |       |       |     1 |     4 |       ||     5
Evoke: Wand              |       |    13 |    13 |    22 |     8 |     3 ||    59
       Lightning rod     |       |       |       |       |     4 |       ||     4
  Use: Scroll            |       |     7 |     8 |     8 |    18 |     1 ||    42
       Potion            |       |       |       |     6 |     2 |     3 ||    11
 Stab: Sleeping          |     1 |     5 |     1 |     6 |     9 |     1 ||    23
       Paralysed         |       |    14 |       |    20 |       |       ||    34
       Invisible         |       |     1 |       |       |       |     2 ||     3
       Petrified         |       |       |       |       |     4 |       ||     4
       Distracted        |       |       |       |       |     1 |     2 ||     3
Armor: Robe              |    48 |    58 |   137 |   117 |    43 |       ||   403
       Skin              |       |       |       |    88 |       |       ||    88
       Shadow dragon sca |       |       |       |       |   127 |    19 ||   146
Dodge: Dodged            |    71 |   124 |   224 |   309 |   348 |    41 ||  1117
Block: Other             |       |       |    11 |   139 |   139 |    18 ||   307
       Reflection        |       |       |       |     5 |     6 |     1 ||    12
